 Dungeon Crawl Stone Soup version 0.24-a0-307-gf989941d98 (webtiles) character file.

Game seed: 5224875778723677818

199 MachJacob the Gusty (level 5, 0/40 HPs)
             Began as a Draconian Air Elementalist on May 13, 2019.
             Slain by an orc
             ... wielding a +0 hand axe
              (2 damage)
             ... on level 3 of the Dungeon.
             The game lasted 00:18:01 (4316 turns).

MachJacob the Gusty (Draconian Air Elementalist)    Turns: 4316, Time: 00:18:01

Health: 0/40       AC:  5    Str: 10    XL:     5   Next: 48%
Magic:  0/9        EV: 12    Int: 17    God:
Gold:   206        SH:  0    Dex: 11    Spells: 3/9 levels left

rFire    . . .     SeeInvis .   a - +1 dagger (speed)
rCold    . . .     Gourm    .   (no shield)
rNeg     . . .     Faith    .   (armour unavailable)
rPois    .         Spirit   .   (helmet restricted)
rElec    .         Reflect  .   (no cloak)
rCorr    .         Harm     .   (no gloves)
MR       .....                  (no boots)
Stlth    ++........             (no amulet)
HPRegen  0.13/turn              (no ring)
MPRegen  0.11/turn              (no ring)

@: no status effects
A: unfitting armour, cold-blooded, AC +5
a: no special abilities


You were on level 3 of the Dungeon.
You were not hungry.

You visited 1 branch of the dungeon, and saw 3 of its levels.

You collected 206 gold pieces.

Inventory:

Hand Weapons
 a - a +1 dagger of speed (weapon)
Missiles
 d - 36 stones (quivered)
 p - 5 poisoned darts
Jewellery
 k - an uncursed ring of ice {unknown}
 n - a +2 ring of protection {unknown}
Wands
 l - a wand of random effects (8)
 s - a wand of paralysis (8)
Scrolls
 c - a scroll of amnesia {unknown}
 f - a scroll of enchant armour {unknown}
 g - 2 scrolls of identify
 i - a scroll of random uselessness {unknown}
 r - a scroll of noise {unknown}
Potions
 e - 2 potions of haste
 h - a potion of agility {unknown}
 j - 2 potions of lignification {unknown}
 m - a potion of mutation {unknown}
 o - 2 potions of heal wounds {unknown}
 q - a potion of brilliance {unknown}
 t - a potion of cancellation {unknown}
Comestibles
 b - 9 rations
 u - a chunk of flesh


   Skills:
 + Level 1.5 Fighting
 + Level 2.5 Dodging
 - Level 1.7 Stealth
 + Level 2.7 Spellcasting
 + Level 2.8 Conjurations
 * Level 0.9 Summonings
 + Level 4.1 Air Magic


You had 3 spell levels left.
You knew the following spells:

 Your Spells              Type           Power        Failure   Level  Hunger
a - Shock                 Conj/Air       ##..         4%          1    #......
b - Static Discharge      Conj/Air       ##......     13%         3    ###....
c - Call Imp              Summ           #.......     19%         2    ##.....

Your spell library contained the following spells:

 Spells                   Type           Power        Failure   Level  Hunger
 Magic Dart               Conj           ##..         5%          1    #......
 Swiftness                Chrm/Air       #.......     12%         2    ##.....
 Beastly Appendage        Tmut           #.....       19%         1    #......
 Mephitic Cloud           Conj/Pois/Air  ##......     21%         3    ###....
 Blink                    Tloc           N/A          26%         2    ##.....
 Slow                     Hex            #.......     26%         2    ##.....
 Sticks to Snakes         Tmut           #.......     26%         2    ##.....
 Conjure Flame            Conj/Fire      #.......     30%         3    ###....
 Spider Form              Tmut/Pois      #.........   47%         3    ###....
 Airstrike                Air            ###.......   32%         4    #####..
 Lightning Bolt           Conj/Air       ##........   75%         5    ######.
 Ice Form                 Ice/Tmut       #.......     87%         4    #####..
 Blade Hands              Tmut           #.........   99%         5    ######.


Dungeon Overview and Level Annotations

Branches:
Dungeon (3/15)

Altars:

Annotations:
D:3 2 transporters, kaisn's ghost, amateur TrFi


Innate Abilities, Weirdness & Mutations

Your plain brown scales are hard. (AC +5)
You cannot fit into any form of body armour.
You are cold-blooded and may be slowed by cold attacks.


Message History

The orc priest is severely wounded.
The zap hits the orc but does no damage.
The orc is lightly wounded.
The orc closely misses you.
You hit the orc but do no damage.
The orc is lightly wounded.
The orc hits you with a +0 hand axe.
You hit the orc.
The orc is heavily wounded.
You hit the orc but do no damage.
The orc is heavily wounded.
The orc priest invokes the aid of Beogh against you.
Beogh smites you!
* * * LOW HITPOINT WARNING * * *
The orc hits you with a +0 hand axe.
* * * LOW HITPOINT WARNING * * *
You hit the orc but do no damage.
The orc is heavily wounded.
The orc hits you with a +0 hand axe.
You die...

#.# #.# #............#
#.# #.# #............#
#.# #.# #......÷.....#
#.# #.# #............#
#.# #.# #........)...#
#.# #÷# #............#
#.###.# #............#
#...#.######............#
###.#.oo@................
#.########............#
#.# ############## #÷#
#......... #.# #.########
#.# #.# #.# #.# #.# #.#
#.# #.#


You could see an orc priest and an orc.

Vanquished Creatures
  An orc wizard (D:3)
  Terence (D:2)
  3 adders
  4 dart slugs
  4 leopard geckos
  7 orcs (D:3)
  4 giant cockroaches
  8 goblins
  16 hobgoblins
  3 jackals (D:2)
  2 quokkas (D:3)
  2 ball pythons
  10 bats
  6 frilled lizards
  10 kobolds
  7 rats
88 creatures vanquished.

Vanquished Creatures (collateral kills)
  An adder (D:3)
  A dart slug (D:3)
  A kobold (D:3)
3 creatures vanquished.

Grand Total: 91 creatures vanquished

Notes
Turn   | Place    | Note
-------+----------+-------------------------------------------
     0 | D:1      | MachJacob the Draconian Air Elementalist began the quest
                  | for the Orb.
     0 | D:1      | Reached XP level 1. HP: 14/14 MP: 3/3
   395 | D:1      | Reached XP level 2. HP: 20/20 MP: 1/5
  1139 | D:1      | Reached XP level 3. HP: 26/26 MP: 4/6
  1736 | D:2      | You fall through a shaft!
  1901 | D:3      | Found a transporter.
  1901 | D:3      | Noticed kaisn's ghost (amateur TrFi)
  2051 | D:3      | Reached XP level 4. HP: 18/34 MP: 0/7
  2388 | D:2      | Noticed Terence
  2436 | D:2      | Killed Terence
  2436 | D:2      | Reached skill level 1 in Fighting
  2436 | D:2      | Reached skill level 4 in Air Magic
  2763 | D:2      | Reached XP level 5. HP: 20/40 MP: 0/8
  2836 | D:2      | Learned a level 3 spell: Static Discharge
  2839 | D:2      | Learned a level 2 spell: Call Imp
  3563 | D:3      | Found a transporter.
  4315 | D:3      | HP: 2/40 [orc/+0 hand axe (5)]
  4316 | D:3      | Slain by an orc

Levels and vault maps discovered:
D:1:      arrival_zaba_pyramid, layout_loops_ring
D:2:      cheibrodos_greedy_goblins, layout_basic, uniq_terence
D:3:      layout_basic, gammafunk_ghost_stat_death

Skill      XL: |  1  2  3  4 |
---------------+-------------+-----
Dodging        | 2 |  2.5
Conjurations   | 2 |  2.8
Fighting       | 1 |  1.5
Air Magic      | 4 |  4.1
Stealth        | |  1.7
Spellcasting   | |  2.7
Summonings     | |  0.9

Action                   |  1- 3 |  4- 6 || total
-------------------------+-------+-------++-------
Melee: Dagger            |    47 |    36 ||    83
       Tailslap          |     2 |     3 ||     5
 Cast: Shock             |    81 |    79 ||   160
       Call Imp          |       |     5 ||     5
  Use: Scroll            |     1 |       ||     1
       Potion            |       |     2 ||     2
 Stab: Sleeping          |     4 |       ||     4
  Eat: Chunk             |     5 |     8 ||    13
Armor: Skin              |    24 |    15 ||    39
Dodge: Dodged            |    40 |    27 ||    67

Table legend:
 A = Non-vault XP
 B = Vault XP
 C = Vault XP percentage of total XP
 D = Non-vault monster count
 E = Vault monster count
 F = Vault count percentage of total count
                 A         B        C        D         E       F
            +---------+---------+-------+---------+---------+-------
      Total |     227 |      58 |  20.4 |      79 |      12 |  13.2
            +---------+---------+-------+---------+---------+-------
        D:1 |      52 |       0 |   0.0 |      30 |       0 |   0.0
        D:2 |      54 |      58 |  51.8 |      20 |      12 |  37.5
        D:3 |     121 |       0 |   0.0 |      29 |       0 |   0.0
            +---------+---------+-------+---------+---------+-------
